 Dungeon Crawl Stone Soup version 0.20-a0-1078-g4874019 (webtiles) character file.

17299 Monsterracer the Severer (level 12, 0/110 HPs)
             Began as a Hill Orc Fighter on Apr 30, 2017.
             Was a Priest of Beogh.
             Slain by a spiny frog (6 damage)
             ... on level 2 of the Lair of Beasts.
             The game lasted 00:47:41 (14441 turns).

Monsterracer the Severer (Hill Orc Fighter)        Turns: 14441, Time: 00:47:42

Health: 0/110      AC: 13    Str: 26      XL:     12   Next: 46%
Magic:  18/18      EV:  7    Int:  8      God:    Beogh [***...]
Gold:   1018       SH:  8    Dex: 13 (14) Spells: 7/11 levels left

rFire    . . .     SeeInvis .   a - +1 war axe
rCold    . . .     Gourm    .   c - +0 shield
rNeg     . . .     Faith    .   K - +0 swamp dragon scales
rPois    +         Spirit   .   (no helmet)
rElec    .         Reflect  .   z - +0 cloak (curse)
rCorr    .         Harm     .   l - +1 pair of gloves
MR       .....                  A - +0 pair of boots
Stlth    +.........             L - amulet of rage (curse)
Regen    0.3/turn               r - +6 ring of strength
MPRegen  0.2/turn               B - +2 ring of protection

@: extremely drained
A: fangs 1, deterioration 1, sense surroundings 1
a: Smiting, Renounce Religion, Evoke Berserk Rage


You were on level 2 of the Lair of Beasts.
You worshipped Beogh.
Beogh was most pleased with you.
You were very hungry.

You visited 2 branches of the dungeon, and saw 14 of its levels.

You collected 1018 gold pieces.

Inventory:

Hand Weapons
 a - a +1 war axe (weapon)
 y - a +0 executioner's axe of protection
Armour
 c - a +0 shield (worn)
 l - a +1 pair of gloves (worn)
 o - a +0 plate armour
 z - a cursed +0 cloak (worn)
 A - a +0 pair of boots (worn)
 C - a scarf of cold resistance
 K - +0 swamp dragon scales (worn)
Jewellery
 e - an uncursed ring of flight
 g - an uncursed ring of resist corrosion
 r - a +6 ring of strength (left hand)
 B - a +2 ring of protection (right hand)
 E - a +3 ring of dexterity
 L - a cursed amulet of rage (around neck)
Wands
 b - a wand of disintegration (4/24)
 s - a wand of disintegration (0/24)
 w - a wand of iceblast (3/15)
 x - a wand of acid (4/15)
 I - a wand of lightning (4/15)
Scrolls
 d - 3 scrolls of enchant armour
 h - 9 scrolls of teleportation {unknown}
 i - 8 scrolls of identify
 j - 3 scrolls of amnesia
 k - 5 scrolls of remove curse
 q - a scroll of fear
 H - a scroll of magic mapping
Potions
 m - 4 potions of curing
 p - a potion of brilliance
 v - 2 potions of mutation
 D - a potion of flight
 G - a potion of agility
 J - 2 potions of heal wounds
Miscellaneous
 F - a lightning rod (4/4)
Comestibles
 f - 8 bread rations
 n - 5 meat rations
 t - 10 fruits
 u - 3 royal jellies


   Skills:
 * Level 11.1(0.0) Fighting
 + Level 16.3(0.0) Axes
 + Level 9.8(0.0) Armour
 - Level 5.0(0.0) Dodging
 - Level 3.2(0.0) Shields
 + Level 8.4(0.0) Invocations
 + Level 1.2(0.0) Evocations


You had 7 spell levels left.
You knew the following spells:

 Your Spells              Type           Power        Failure   Level  Hunger
a - Summon Small Mammal   Summ           #...         99%         1    ##.....
b - Apportation           Tloc           #.....       99%         1    ##.....
c - Blink                 Tloc           N/A          100%        2    ###....


Dungeon Overview and Level Annotations

Branches:
Dungeon (11/15)            Temple (0/1) D:6            Lair (3/6) D:11
  Swamp: Lair:2-4    Shoals: Lair:2-4     Snake: Lair:2-4    Spider: Lair:2-4
    Orc: D:9-12

Altars:
Makhleb
Nemelex Xobeh
Qazlal
The Shining One

Annotations:
D:6 ! death knight
D:11 Nergalle
Lair:1 exclusion: oklob plant


Innate Abilities, Weirdness & Mutations

You have very sharp teeth.
Your body sometimes deteriorates upon taking damage.
You passively map a small area around you.


Message History

The bolt of lightning hits the merfolk.
The merfolk is almost dead.
This wand has 5 charges left.
The merfolk hits you but does no damage.
Evoke which item? (* to show all) (? for menu, Esc to quit)
Aiming: Lightning Bolt
Press: ? - help, Shift-Dir - straight line, f/p - merfolk
Aim: a merfolk, wielding a trident (almost dead)
You hear a mighty clap of thunder!
The bolt of lightning hits the merfolk.
You kill the merfolk!
Beogh accepts your kill.
This wand has 4 charges left.
You closely miss the spiny frog. The spiny frog stings you!
* * * LOW HITPOINT WARNING * * *
The spiny frog barely misses you.
Things that are here:
a trident; a merfolk corpse The spiny frog stings you.
You die...

.....##......#....####.###...####
.....#......P#....##....##....##.
#....##.....##.....#....#P...+.'.
#....##.....##..)........'....##'
......##+#.##.....#.....=#...###.
#....###..###.....##[............
#.................########.......
................F..#####P#.......
................@................
.................................
.................................
...................>.............
#................................
#...########.......#.PP.##.......
#...# ###.#.รท.....##..P###.....#
#...####..###......##....+.....##
.....##...###............##......


You could see a spiny frog.

Vanquished Creatures
  A hydra (Lair:2)
  Erica (D:8)
  2 two-headed ogres
  A centaur warrior (D:6)
  Sonja (Lair:3)
  The ghost of Zebura the Grappler, a novice TrFi (D:11)
  Pikel (D:7)
  Joseph (D:7)
  Maurice (D:8)
  A black mamba (Lair:2)
  A centaur skeleton (D:10)
  3 spiny frogs
  A rime drake (Lair:1)
  The ghost of Paps the Covert, a novice OpAs (D:4)
  A komodo dragon (Lair:2)
  A merfolk (Lair:2)
  2 trolls (D:10)
  5 hippogriffs
  5 yaks
  3 wyverns
  2 steam dragons (D:8)
  Grum (D:8)
  8 porcupines (Lair:1)
  4 water moccasins
  5 sky beasts
  2 ice beasts
  2 black bears
  A phantom (D:7)
  2 centaurs
  4 ogres
  13 wolves
  8 crocodiles
  A big kobold (D:10)
  12 bullfrogs
  2 wyvern zombies (D:8)
  A scorpion (D:10)
  A howler monkey (D:6)
  2 crimson imps
  2 centaur zombies
  A quasit (D:9)
  A jelly (D:7)
  A gnoll shaman (D:6)
  7 hounds
  2 orc priests
  3 iguanas
  5 orc wizards
  8 worker ants
  3 hound skeletons
  A worker ant zombie (D:7)
  A howler monkey zombie (D:3)
  15 adders
  7 gnolls
  A howler monkey skeleton (D:6)
  3 shadow imps
  An ooze (D:1)
  2 adder skeletons
  A worm (D:3)
  5 leopard geckos
  15 orcs
  A ball python (D:3)
  4 giant cockroaches
  9 goblins
  9 hobgoblins
  26 jackals
  2 quokkas
  7 bats
  5 frilled lizards
  15 kobolds
  A quokka zombie (D:5)
  6 rats
  A fungus (Lair:2)
276 creatures vanquished.

Vanquished Creatures (others)
  2 slaves (D:7)
  A sky beast (D:7)
  An ogre (D:5)
  A hound (D:7)
  An orc priest (D:5)
  2 orc wizards (D:5)
  A gnoll (D:7)
  A jackal (D:7)
  4 bushes (D:6)
  A fungus (Lair:2)
15 creatures vanquished.

Grand Total: 291 creatures vanquished

Notes
Turn   | Place    | Note
-------+----------+-------------------------------------------
     0 | D:1      | Monsterracer the Hill Orc Fighter began the quest for the Orb.
     0 | D:1      | Reached XP level 1. HP: 19/19 MP: 1/1
    15 | D:1      | Reached skill level 3 in Axes
    45 | D:1      | Gained mutation: Your body sometimes deteriorates upon taking damage. [potion of mutation]
    45 | D:1      | Gained mutation: You have very sharp teeth. [potion of mutation]
    45 | D:1      | Gained mutation: You passively map a small area around you. [potion of mutation]
    99 | D:1      | Reached XP level 2. HP: 20/26 MP: 2/2
   405 | D:1      | Reached skill level 4 in Axes
   642 | D:1      | Reached XP level 3. HP: 28/31 MP: 3/3
  1351 | D:2      | Reached skill level 5 in Axes
  1654 | D:2      | Reached XP level 4. HP: 39/39 MP: 4/4
  2239 | D:3      | Reached skill level 6 in Axes
  2438 | D:3      | Reached XP level 5. HP: 45/45 MP: 5/5
  2467 | D:3      | Reached skill level 7 in Axes
  2529 | D:3      | Found a sparkling altar of Nemelex Xobeh.
  2851 | D:4      | Noticed Paps's ghost (novice OpAs)
  2864 | D:4      | Killed Paps's ghost
  2864 | D:4      | Reached skill level 9 in Axes
  2864 | D:4      | Reached XP level 6. HP: 50/51 MP: 6/6
  2870 | D:4      | Reached XP level 7. HP: 58/58 MP: 7/7
  2940 | D:4      | Reached skill level 1 in Dodging
  3201 | D:4      | Learned a level 1 spell: Summon Small Mammal
  3203 | D:4      | Learned a level 1 spell: Apportation
  3496 | D:4      | Reached skill level 10 in Axes
  3828 | D:5      | Entered Level 5 of the Dungeon
  3960 | D:5      | Became a worshipper of Beogh the Brigand
  3965 | D:5      | Reached XP level 8. HP: 44/67 MP: 8/8
  4407 | D:5      | Reached skill level 5 in Fighting
  4526 | D:5      | Got a bronze scale mail
  4543 | D:5      | Identified the +1 scale mail of the Spheres {Int+4} (You found it on level 5 of the Dungeon)
  5002 | D:6      | Found a stormy altar of Qazlal.
  5037 | D:6      | Found a staircase to the Ecumenical Temple.
  5191 | D:6      | Identified a scroll of acquirement
  5225 | D:6      | Reached skill level 5 in Armour
  5257 | D:6      | Reached * piety under Beogh
  5257 | D:6      | Reached skill level 11 in Axes
  5734 | D:6      | Reached XP level 9. HP: 72/75 MP: 9/9
  5772 | D:6      | Noticed a troll
  5772 | D:6      | Noticed a death knight
  5772 | D:6      | Noticed a two-headed ogre
  6073 | D:6      | Noticed a centaur warrior
  6255 | D:7      | Reached skill level 12 in Axes
  6577 | D:7      | Noticed Pikel
  6590 | D:7      | Killed Pikel
  6691 | D:7      | Reached ** piety under Beogh
  6956 | D:7      | Reached skill level 1 in Invocations
  7260 | D:7      | Noticed Joseph
  7283 | D:7      | Killed Joseph
  7283 | D:7      | Reached skill level 13 in Axes
  7532 | D:6      | Killed a centaur warrior
  7532 | D:6      | Reached XP level 10. HP: 60/88 MP: 2/12
  7749 | D:7      | Killed a two-headed ogre
  7995 | D:8      | Noticed Maurice
  8016 | D:8      | Killed Maurice
  8016 | D:8      | Reached skill level 14 in Axes
  8270 | D:8      | Noticed Grum
  8281 | D:8      | Killed Grum
  8281 | D:8      | Reached skill level 5 in Invocations
  8861 | D:8      | Noticed Erica
  8878 | D:8      | Killed Erica
  8878 | D:8      | Reached XP level 11. HP: 24/95 MP: 15/15
  9614 | D:9      | Learned a level 2 spell: Blink
  9739 | D:9      | Found a glowing golden altar of the Shining One.
  9939 | D:10     | Entered Level 10 of the Dungeon
  9949 | D:10     | Reached skill level 15 in Axes
 10166 | D:10     | Found a burning altar of Makhleb.
 10168 | D:10     | Noticed a balrug
 10348 | D:10     | Noticed a two-headed ogre
 10358 | D:10     | Killed a two-headed ogre
 10965 | D:11     | Noticed Zebura's ghost (novice TrFi)
 10980 | D:11     | Killed Zebura's ghost
 10990 | D:11     | Found a staircase to the Lair.
 11025 | D:11     | Noticed Nergalle
 11043 | D:11     | Noticed a spectral orc warlord
 11047 | Lair:1   | Entered Level 1 of the Lair of Beasts
 11354 | Lair:1   | Reached *** piety under Beogh
 11753 | Lair:1   | Reached skill level 16 in Axes
 12057 | Lair:1   | Reached skill level 10 in Fighting
 12265 | Lair:1   | Reached XP level 12. HP: 77/106 MP: 17/17
 13811 | Lair:2   | Noticed a five-headed hydra
 13816 | Lair:2   | Killed a six-headed hydra
 13816 | Lair:2   | Reached skill level 5 in Dodging
 14146 | Lair:3   | Noticed Sonja
 14215 | Lair:3   | Killed Sonja
 14215 | Lair:3   | Reached skill level 1 in Evocations
 14434 | Lair:2   | HP: 4/110 [spiny frog (10)]
 14441 | Lair:2   | Slain by a spiny frog

Vault maps used:
D:1:      dpeg_arrival_morbid_curiosity
D:3:      nemelex_xobeh_ov_fountains_minmay, first_bread, st_stairs_14,
          hangedman_decor_push
D:4:      minmay_a_box_with_orc_wizards_in_it
D:5:      item_on_display_a
D:6:      minmay_klotski, minmay_temple_entry_hall, serial_curves,
          eino_curves_03, eino_curves_04, nicolae_qazlal_general_emergency
D:7:      grunt_ogre_cave, nicolae_benzene_ring, minivault_5, uniq_joseph,
          uniq_pikel
D:8:      cheibrodos_steamvent, uniq_grum, uniq_maurice, uniq_erica
D:9:      basic_altar
D:10:     makhleb_altar_promises_db
D:11:     lair_entry_dummy, trog_ov_bears_minmay, uniq_nergalle
Lair:1:   eino_small_chamber_without_monster, beast_lair_carwin_1,
          lemuel_fruit_tree, minmay_lair_oklob_chamber,
          infiniplex_staircase_pool, grunt_megastairs_2
Lair:2:   grunt_forest_small_clearings
Lair:3:   elwin_shoals_entry_stream, spider_nest_entry_rubble,
          serial_bayou_crossing, uniq_rupert, uniq_sonja, uniq_fannar

Skill      XL: |  1  2  3  4  5  6  7  8  9 10 11 12 |
---------------+-------------------------------------+-----
Axes           | 3 4 5 6 9 10 11 13 14 16 | 16.3
Dodging        | 1 2 3 4 5 |  5.0
Fighting       | 4 5 7 8 10 11 | 11.1
Armour         | 4 5 7 8 9 |  9.8
Invocations    | 3 5 7 8 |  8.4
Evocations     | 1 |  1.2
Shields        | |  3.2

Action                   |  1- 3 |  4- 6 |  7- 9 | 10-12 || total
-------------------------+-------+-------+-------+-------++-------
Melee: War axe           |   123 |   102 |   377 |   538 ||  1140
       Bite              |     7 |     5 |    50 |    84 ||   146
Invok: Convert to Beogh  |       |       |     1 |       ||     1
       Smiting           |       |       |     3 |     9 ||    12
Evoke: Wand              |       |       |       |     5 ||     5
  Use: Potion            |     6 |     2 |     6 |     4 ||    18
       Scroll            |     1 |     5 |     7 |     8 ||    21
  Eat: Chunk             |     1 |     5 |    15 |    20 ||    41
       Fruit             |       |       |       |     2 ||     2
Armor: Scale mail        |    47 |    47 |    34 |       ||   128
       Plate armour      |       |       |   188 |   271 ||   459
       Swamp dragon scal |       |       |       |    71 ||    71
Dodge: Dodged            |    29 |    39 |    82 |   159 ||   309
Block: Shield            |    65 |    42 |   178 |   253 ||   538
